Map: Pillars of Gold LE

Players

INnoVation

  • Race: Terran Terran
  • Spawn Location: 1:00

Reynor - Winner!

  • Race: Zerg Zerg
  • Spawn Location: 7:00

Event: DreamHack SC2 Masters 2020 Winter

VOD

Have the link to the VOD?

Description

Time

  • Played on: Nov. 11, 2020, 9:34 a.m.
  • Length: 5:18

All games in this series

Show
View Real Time Build Order
Export as new Build Order

INnoVation Terran 

Build Orders: Reaper Expand 

Get SALT Encoding   

  12  0:00  SCV  
  13  0:12  SCV  
  14  0:17  Supply Depot  
  14  0:24  SCV  
  15  0:39  SCV  
  15  0:40  Barracks  
  16  0:45  Refinery  
  16  0:51  SCV  
  17  1:03  SCV  
  18  1:15  SCV  
  19  1:28  Orbital Command, Reaper  
  20  1:41  Command Center  
  20  1:53  Barracks  
  20  1:55  SCV  
  20  2:00  Barracks Reactor  
  21  2:08  SCV  
  22  2:12  Supply Depot  
  22  2:20  SCV  
  22  2:21  Refinery  
  23  2:28  Factory  
  23  2:33  SCV  
  24  2:37  Marine x2  
  24  2:42  Barracks Tech Lab  
  26  2:45  SCV  
  27  2:54  Orbital Command  
  27  2:58  SCV  
  28  2:59  Marine x2  
  28  3:03  Stimpack  
  30  3:07  Marine  
  30  3:10  Orbital Command  
  30  3:12  SCV  
  32  3:17  Orbital Command  
  31  3:23  Marine x2  
  31  3:25  Marine  
  31  3:26  Starport  
  34  3:29  Factory Reactor  
  34  3:31  SCV  
  35  3:40  Marine  
  35  3:41  Marine  
  37  3:43  SCV x2  
  39  3:51  Supply Depot  
  39  3:55  SCV x2  
  40  3:59  Marine x3  
  37  4:17  Medivac x2  
  38  4:24  Marine  
  38  4:28  Marine  
  38  4:30  Marine  
  36  4:35  SCV  
  26  4:42  Marine  
  22  4:46  Marine  
  22  4:48  Orbital Command  
  21  4:57  SCV  
  21  5:00  Marine  
Show
View Real Time Build Order
Export as new Build Order

Reynor Zerg - Winner!

Build Orders: Pool First 

Get SALT Encoding   

  12  0:00  Drone  
  13  0:13  Overlord  
  13  0:17  Drone  
  14  0:31  Drone x2  
  14  0:35  Drone  
  17  0:44  Extractor  
  17  0:45  Drone  
  17  0:51  Spawning Pool  
  17  0:56  Drone  
  17  1:07  Drone  
  18  1:21  Hatchery  
  18  1:25  Drone  
  18  1:38  Zergling x2  
  19  1:40  Queen  
  19  1:46  Metabolic Boost  
  21  1:51  Drone  
  22  1:56  Drone, Extractor  
  23  2:04  Overlord  
  23  2:14  Roach Warren  
  22  2:23  Zergling x4  
  24  2:33  Zergling x4  
  25  2:44  Overlord  
  25  2:56  Roach x4  
  33  2:59  Roach  
  33  3:05  Roach  
  37  3:11  Roach  
  39  3:23  Zergling x4  
  39  3:25  Ravager  
  39  3:26  Overlord  
  42  3:29  Zergling x2  
  43  3:37  Zergling x2  
  44  3:44  Zergling x2  
  44  3:46  Ravager  
  44  3:47  Zergling x2  
  47  3:49  Zergling x2  
  48  3:58  Zergling x2  
  48  3:59  Zergling x2  
  48  4:02  Zergling x4  
  52  4:08  Overlord  
  51  4:20  Overlord  
  51  4:28  Zergling x6  
  51  4:31  Zergling x2  
  50  4:34  Queen  
  45  4:40  Zergling x2  
  45  4:43  Zergling x2  
  47  4:54  Zergling x2, Ravager x2  
  47  4:55  Zergling x2  
  47  4:56  Zergling x4  
  50  5:09  Ravager  
Tags
 
Add a new tag
Caveats
  • Supply blocks, unpowered buildings, or Contaminate may cause inaccurate times.
  • Supply counts are checked every 10 seconds.